 Dungeon Crawl Stone Soup version 0.31.0-11-ge490571c62 (webtiles) character file.

Game seed: 15541069486408400083

347 javelincjr the Changeling (level 6, -4/46 HPs)
             Began as a Demonspawn Shapeshifter on Feb 8, 2024.
             Slain by a gnoll
             ... wielding a +0 halberd
              (14 damage)
             ... on level 4 of the Dungeon.
             The game lasted 00:07:42 (2229 turns).

javelincjr the Changeling (Demonspawn Shapeshifter) Turns: 2229, Time: 00:07:43

Health: -4/46      AC:  2    Str: 16    XL:     6   Next: 33%
Magic:  6/6        EV: 12    Int: 11    God:
Gold:   143        SH:  4    Dex: 12    Spells: 5/5 levels left

rFire   . .          .
                       - Unarmed
rCold   . . .        (no shield)
rNeg    . . .        a - +0 animal skin
rPois   .            (helmet currently unavailable)
rElec   .            (cloak currently unavailable)
rCorr   .            (gloves currently unavailable)
SInv    .            (boots currently unavailable)
Will    .....        (no amulet)
Stlth   +            (no ring)
HPRegen 0.27/turn    (no ring)
MPRegen 0.10/turn

%: no passive effects
@: beast-form
A: beast (slay +2), hooves 1, powered by death 1, condensation shield
a: Begin Untransformation


You were on level 4 of the Dungeon.
You were a hulking beast.
You visited 1 branch of the dungeon, and saw 4 of its levels.

You collected 143 gold pieces.

Inventory:

Missiles
 g - 11 poisoned darts (quivered)
 q - 3 boomerangs
Armour
 a - a +0 animal skin (worn)
 p - a +0 helmet
Talismans
 c - a beast talisman
 d - a flux talisman
Scrolls
 h - a scroll of teleportation {unknown}
 i - 2 scrolls of enchant weapon {unknown}
 l - 3 scrolls of fear {unknown}
 n - a scroll of fog {unknown}
 o - a scroll of vulnerability {unknown}
Potions
 b - a potion of lignification
 e - 2 potions of degeneration {unknown}
 f - a potion of resistance {unknown}
 j - a potion of attraction
 k - a potion of cancellation {unknown}
 m - 2 potions of curing


   Skills:
 + Level 2.8 Fighting
 - Level 3.1 Dodging
 + Level 3.7 Unarmed Combat
 * Level 4.3 Shapeshifting


You had 5 spell levels left.
You didn't know any spells.
Your spell library contained the following spells:

 Spells                   Type           Power      Damage    Failure   Level
 Magic Dart               Conj           0%         1d3       34%         1
 Searing Ray              Conj           0%         2d4       47%         2
 Fulminant Prism          Conj/Alch      0%         3d5       98%         4


Dungeon Overview and Level Annotations

Branches:
Dungeon (4/15)
 Temple: D:4-7

Altars:
Ashenzari


Innate Abilities, Weirdness & Mutations

You are a hulking beast.
Your limbs bulge with bestial killing power. (Slay +2)
You have large cloven feet.
You regenerate a little health from kills.
A meltable shield of frost defends you. (SH +4)


Message History

You kill the orc!
You punch the gnoll!
The gnoll is severely wounded.
You closely miss the gnoll. You kick the gnoll.
You kill the gnoll!
You block the gnoll's attack.
You see here a +0 club.
You completely miss the gnoll. You kick the gnoll.
The gnoll is moderately wounded.
The gnoll hits you with a +0 halberd!
You hit the gnoll. You kick the gnoll.
The gnoll is severely wounded.
The gnoll misses you.
An orc wizard comes into view. It is wielding a +0 dagger.
You closely miss the gnoll.
The gnoll is severely wounded.
The gnoll hits you with a +0 halberd.
You closely miss the gnoll.
The gnoll is severely wounded.
The orc wizard shouts!
You hear a shout!
The gnoll hits you with a +0 halberd!
You hit the gnoll but do no damage.
The gnoll is severely wounded.
The orc wizard closely misses you. The gnoll barely misses you.
An orc comes into view. It is wielding a +0 hand axe.
You hit the gnoll but do no damage.
The gnoll is severely wounded.
The gnoll hits you with a +0 halberd!
* * * LOW HITPOINT WARNING * * *
The orc wizard gestures at you while chanting.
You resist with some effort.
You closely miss the gnoll. You kick the gnoll, but do no damage.
The gnoll is severely wounded.
The orc wizard hits you with a +0 dagger.
* * * LOW HITPOINT WARNING * * *
The gnoll misses you.
You barely miss the gnoll.
The gnoll is severely wounded.
You block the orc wizard's attack. The gnoll hits you with a +0 halberd!
You die...

.# ##.#### ..
#......
.g..########.....
. .g....g....#..#
##. #o......##.).
#g##.#...#.#
#h##.......##..
#o####††.......
#)####..#####.#
#.............#
#######.#######
##'## ##...##
##.....##
#.....<.#


You could see an orc wizard, 2 gnolls and an orc.

Vanquished Creatures
  Sigmund (D:3)
  An orc priest (D:3)
  2 gnolls (D:4)
  6 adders
  3 dart slugs
  5 orcs
  9 ball pythons
  7 bats
  3 endoplasms
  2 giant cockroaches
  8 goblins
  11 hobgoblins
  2 jackals (D:1)
  4 quokkas
  A frilled lizard (D:1)
  5 kobolds
  5 rats
75 creatures vanquished.

Notes
Turn   | Place    | Note
-------+----------+-------------------------------------------
     0 | D:1      | javelincjr the Demonspawn Shapeshifter began the quest for
                  | the Orb.
     0 | D:1      | Reached XP level 1. HP: 15/15 MP: 1/1
   180 | D:1      | Gained mutation: You regenerate a little health from kills.
                  | [demonic ancestry]
   180 | D:1      | Reached XP level 2. HP: 11/21 MP: 2/2
   368 | D:1      | Reached skill level 3 in Shapeshifting
   496 | D:1      | Reached XP level 3. HP: 26/26 MP: 3/3
   743 | D:2      | Found a faded altar of an unknown god.
   925 | D:2      | Reached XP level 4. HP: 23/33 MP: 4/4
  1482 | D:3      | Found a broken altar of Ashenzari.
  1585 | D:3      | Noticed Sigmund
  1628 | D:3      | Killed Sigmund
  1629 | D:3      | Reached skill level 4 in Shapeshifting
  1629 | D:3      | Gained mutation: A meltable shield of frost defends you.
                  | (SH +4) [demonic ancestry]
  1629 | D:3      | Reached XP level 5. HP: 16/39 MP: 5/5
  1860 | D:3      | Gained mutation: You have large cloven feet. [demonic
                  | ancestry]
  1860 | D:3      | Reached XP level 6. HP: 45/46 MP: 6/6
  2229 | D:4      | Slain by a gnoll

Illustrated notes

Levels and vault maps discovered:
D:1:      dpeg_arrival_stone_temple_mockup, layout_basic
D:2:      layout_basic, hellmonk_ecumenical_altar_pennies_from_heaven
D:3:      layout_rooms, mainiacjoe_overflow_alcove_1, minmay_shallow_snake_nest,
          uniq_sigmund
D:4:      layout_loops_corners, grunt_tough_drop

Skill      XL: |  1  2  3  4 |
---------------+-------------+-----
Dodging        | 2 3 |  3.1
Shapeshifting  | 3 4 |  4.3
Unarmed Combat | 3 |  3.7
Fighting       | 2 |  2.8

Action                     |  1- 3 |  4- 6 || total
---------------------------+-------+-------++-------
  Melee: Unarmed           |   108 |   112 ||   220
         Punch             |     5 |     2 ||     7
         Kick              |       |    18 ||    18
    Use: Scroll            |     2 |     1 ||     3
         Potion            |       |     1 ||     1
 Armour: Animal skin       |    50 |    47 ||    97
  Dodge: Dodged            |    65 |    51 ||   116
  Block: Other             |       |     8 ||     8
